Map: Emerald City CE

Players

Siliatra

  • Race: Protoss Protoss
  • Spawn Location: 11:00

Sindyr

  • Race: Protoss Protoss
  • League: Master
  • Spawn Location: 11:00

Ermac - Winner!

  • Race: Protoss Protoss
  • Spawn Location: 5:00

Terrogno - Winner!

  • Race: Protoss Protoss
  • League: Gold
  • Spawn Location: 5:00

VOD

Have the link to the VOD?

Description

Time

  • Played on: Sept. 23, 2025, 11:06 a.m.
  • Length: 6:35
Show
View Real Time Build Order
Export as new Build Order

Siliatra Protoss 

Build Orders: Oracle Opening, Phoenix Opening 

Get SALT Encoding   

  12  0:02  Probe  
  13  0:14  Probe  
  13  0:18  Pylon  
  14  0:26  Probe  
  15  0:36  Gateway  
  15  0:38  Probe  
  16  0:50  Probe  
  17  1:02  Assimilator, Probe  
  18  1:19  Assimilator  
  18  1:24  Cybernetics Core  
  18  1:27  Probe  
  19  1:41  Probe  
  19  1:46  Nexus  
  20  1:53  Probe  
  21  2:03  Pylon  
  21  2:05  Probe  
  22  2:15  Stargate  
  22  2:17  Probe  
  23  2:26  Probe  
  24  2:30  Pylon  
  24  2:34  Probe  
  24  2:44  Probe  
  25  2:49  Oracle  
  26  2:56  Probe  
  27  3:01  Probe  
  31  3:08  Probe  
  31  3:09  Probe  
  33  3:20  Probe x2  
  33  3:23  Phoenix  
  33  3:24  Assimilator  
  38  3:29  Assimilator  
  38  3:32  Probe  
  35  3:47  Probe  
  34  4:05  Phoenix  
  34  4:22  Phoenix  
  33  4:33  Probe x2  
  35  4:39  Stalker  
  37  4:54  Probe x2  
  37  4:56  Phoenix  
  41  5:25  Probe x2  
  43  5:37  Phoenix, Probe x2  
  47  5:55  Stargate  
  47  6:02  Phoenix  
  49  6:07  Shield Battery x2  
  49  6:11  Shield Battery  
Show
View Real Time Build Order
Export as new Build Order

Sindyr Protoss 

Build Orders: 1 Gate Expand 

Get SALT Encoding   

  12  0:02  Probe  
  13  0:18  Probe  
  13  0:21  Pylon  
  14  0:30  Probe  
  15  0:42  Probe  
  16  0:46  Gateway  
  16  1:07  Probe  
  17  1:12  Pylon  
  17  1:19  Probe  
  18  1:32  Nexus  
  18  1:38  Probe  
  18  1:46  Probe  
  19  1:50  Assimilator  
  20  1:55  Probe  
  21  2:02  Pylon  
  21  2:16  Assimilator  
  21  2:17  Cybernetics Core  
  21  2:21  Probe  
  22  2:29  Probe, Pylon  
  23  2:37  Probe  
  24  2:46  Probe  
  24  2:47  Probe  
  26  2:54  Probe  
  26  2:55  Probe  
  26  3:03  Probe x2  
  30  3:14  Probe  
  30  3:15  Probe  
  32  3:20  Robotics Facility  
  32  3:26  Probe  
  33  3:28  Probe  
  33  3:30  Stalker  
  36  3:38  Probe  
  36  3:40  Probe  
  38  3:45  Warp Gate  
  38  3:50  Probe  
  38  3:52  Probe  
  40  3:57  Stalker  
  42  4:03  Probe  
  42  4:04  Probe  
  42  4:06  Pylon  
  42  4:08  Forge  
  44  4:30  Stalker  
  37  4:52  Probe  
  26  5:09  Gateway  
  26  5:10  Gateway  
  26  5:12  Gateway  
  26  5:18  Assimilator  
  26  5:22  Assimilator  
  26  5:25  Probe  
  26  5:28  Probe  
  28  5:33  Probe  
  28  5:40  Probe  
  28  5:42  Probe  
  31  5:52  Probe  
  31  5:54  Probe  
  31  5:58  Stalker  
  31  6:00  Pylon  
  33  6:04  Probe  
  33  6:06  Probe  
  33  6:08  Stalker x2  
  33  6:09  Stalker  
  41  6:16  Probe  
  38  6:23  Stalker  
  34  6:34  Stalker x3  
Show
View Real Time Build Order
Export as new Build Order

Ermac Protoss - Winner!

Build Orders:  

Get SALT Encoding   

  12  0:02  Probe  
  13  0:12  Pylon  
  13  0:17  Probe  
  14  0:31  Gateway  
  14  0:37  Assimilator  
  14  0:44  Assimilator  
  14  0:45  Probe  
  15  1:10  Pylon  
  15  1:11  Probe  
  16  1:20  Probe  
  16  1:23  Cybernetics Core  
  17  1:28  Probe  
  18  1:37  Probe  
  19  1:49  Probe  
  20  1:59  Stargate  
  20  2:01  Probe  
  21  2:09  Shield Battery  
  21  2:29  Stargate  
  21  2:38  Void Ray  
  25  3:00  Probe  
  26  3:12  Void Ray  
  30  4:33  Pylon  
  34  4:56  Void Ray  
  34  4:58  Pylon  
  34  5:30  Void Ray  
  34  5:32  Stargate  
  38  5:51  Stargate  
  38  5:58  Nexus  
  38  6:05  Assimilator  
  38  6:06  Assimilator  
  42  6:30  Pylon  
Show
View Real Time Build Order
Export as new Build Order

Terrogno Protoss - Winner!

Build Orders:  

Get SALT Encoding   

  12  0:01  Probe  
  13  0:09  Probe  
  14  0:19  Probe  
  15  0:38  Assimilator  
  15  0:43  Pylon  
  15  0:58  Pylon  
  15  1:01  Probe  
  16  1:06  Forge  
  16  1:13  Probe  
  17  1:23  Probe  
  18  1:28  Gateway  
  18  1:31  Probe  
  18  1:36  Assimilator  
  18  1:39  Probe  
  19  1:41  Pylon  
  20  1:51  Probe  
  21  2:03  Probe  
  22  2:15  Probe  
  22  2:17  Nexus  
  23  2:27  Probe  
  24  2:30  Cybernetics Core  
  24  2:56  Gateway  
  24  2:59  Gateway  
  24  3:00  Warp Gate  
  24  3:01  Gateway  
  24  3:03  Probe  
  25  3:14  Stalker  
  27  3:23  Pylon  
  27  3:39  Twilight Council  
  27  3:43  Protoss Ground Weapons Level 1  
  27  3:47  Probe x2  
  27  3:55  Probe x2  
  31  4:04  Probe x2  
  31  4:32  Pylon  
  31  4:42  Pylon  
  31  4:51  Pylon  
  31  4:52  Stalker x4  
  39  4:56  Assimilator  
  39  5:00  Assimilator  
  39  5:03  Pylon  
  39  5:04  Probe x2  
  41  5:16  Stalker  
  41  5:17  Stalker  
  45  5:54  Pylon  
Tags
 
Add a new tag
Caveats
  • Supply blocks, unpowered buildings, or Contaminate may cause inaccurate times.
  • Supply counts are checked every 10 seconds.